 Seeded DCSS version 0.26.0-45-g9c1d065592 (webtiles) character file.

Game seed: 12168637415130783165 (custom seed)

782 kaeus the Poker (level 7, -10/57 HPs)
             Began as a Merfolk Berserker on Jan 31, 2021.
             Was an Elder of Trog.
             Mangled by Maggie
             ... wielding the +9 lance "Wyrmbane" {slay drac, rPois rF+ rC+ AC+3}
              (17 damage)
             ... on level 6 of the Dungeon.
             The game lasted 00:03:29 (5293 turns).

kaeus the Poker (Merfolk Berserker)                 Turns: 5293, Time: 00:03:30

Health: -10/57     AC:  6    Str: 20    XL:     7   Next: 86%
Magic:  7/7        EV: 15    Int:  6    God:    Trog [****..]
Gold:   302        SH:  0    Dex: 13    Spells: 6/6 levels left

rFire    + + .     SeeInvis .   a - +0 spear
rCold    x x .     Faith    .   (no shield)
rNeg     + . .     Spirit   .   m - +3 salamander hide armour {Flames rF++ rC--}
rPois    .         Reflect  .   (no helmet)
rElec    .         Harm     .   (no cloak)
rCorr    .         Rampage  .   (no gloves)
Will     .....                  (no boots)
Stlth    +.........             (no amulet)
HPRegen  0.19/turn              t - ring of positive energy
MPRegen  0.10/turn              (no ring)

@: mesmerised
A: change form in water, swift swim, stealthy swim
a: Renounce Religion, Berserk, Trog's Hand, Brothers in Arms


You were on level 6 of the Dungeon.
You worshipped Trog.
Trog was greatly pleased with you.
You visited 1 branch of the dungeon, and saw 6 of its levels.

You collected 302 gold pieces.

Inventory:

Hand Weapons
 a - a +0 spear (weapon)
Armour
 b - a +0 animal skin
 m - the +3 salamander hide armour (worn) {Flames rF++ rC--}
   (You found it on level 4 of the Dungeon)

   It greatly protects you from fire.
   It makes you very vulnerable to cold.
Jewellery
 t - a ring of positive energy (left hand)
Wands
 h - a wand of enslavement (8)
 s - a wand of iceblast (7)
Scrolls
 c - 5 scrolls of teleportation {unknown}
 d - 7 scrolls of identify {unknown}
 f - a scroll of noise {unknown}
 i - 3 scrolls of remove curse {unknown}
 o - a scroll of fog {unknown}
 r - a scroll of fear {unknown}
 u - 2 scrolls of immolation {unknown}
 v - a scroll of magic mapping {unknown}
 x - a scroll of brand weapon {unknown}
Potions
 e - 3 potions of curing {unknown}
 g - 2 potions of magic {unknown}
 j - 3 potions of heal wounds {unknown}
 k - 2 potions of degeneration {unknown}
 l - a potion of lignification {unknown}
 n - 4 potions of haste {unknown}
 p - a potion of mutation {unknown}
 q - a potion of cancellation {unknown}
 w - a potion of berserk rage {unknown}


   Skills:
 + Level 5.7 Fighting
 + Level 7.4 Polearms
 + Level 3.4 Armour
 + Level 6.1 Dodging


You had 6 spell levels left.
You didn't know any spells.
Your spell library was empty.

Dungeon Overview and Level Annotations

Branches:
Dungeon (6/15)
 Temple: D:4-7

Altars:
Dithmenos
Elyvilon
Okawaru
Trog
Uskayaw
Wu Jian

Annotations:
D:6 Maggie


Message History

You hit Maggie.
Maggie is moderately wounded.
Maggie is engulfed in blazing flames.
Maggie points at you and mumbles some strange words.
The bolt of fire hits you. You resist.
You take 5 damage, and have 25/57 hp.
You hit Maggie.
Maggie is moderately wounded.
Maggie is engulfed in blazing flames.
Maggie hits you with the +9 lance "Wyrmbane" {slay drac, rPois rF+ rC+ AC+3}!!
* * * LOW HITPOINT WARNING * * *
You take 19 damage, and have 6/57 hp.
MASSIVE DAMAGE!!
You closely miss Maggie.
Maggie is heavily wounded.
You are too mesmerised to rage.
You closely miss Maggie.
Maggie is heavily wounded.
Maggie is engulfed in blazing flames.
Maggie hits you with the +9 lance "Wyrmbane" {slay drac, rPois rF+ rC+ AC+3}!
You die...

.### #....#
####.# #.#
#.# #.# #.#
#.#
###########.#
#...@@°.°...#
##.##########


You could see Maggie (mesmerising).

Vanquished Creatures
  Sigmund (D:5)
  An ogre (D:5)
  A scorpion (D:5)
  A howler monkey (D:4)
  2 bullfrog zombies (D:5)
  A hound (D:5)
  An orc priest (D:5)
  A centaur skeleton (D:4)
  2 orc wizards
  Terence (D:3)
  A worker ant (D:5)
  A hound skeleton (D:4)
  6 adders
  A white imp (D:5)
  An ufetubus (D:5)
  An ooze (D:4)
  An adder skeleton (D:4)
  2 worms
  A dart slug (D:3)
  2 leopard geckos
  17 orcs
  A ball python (D:5)
  5 giant cockroaches
  4 goblins
  9 hobgoblins
  4 jackals (D:4)
  4 quokkas
  4 bats
  8 frilled lizards
  17 kobolds
  A leopard gecko zombie (D:5)
  5 rats
108 creatures vanquished.

Notes
Turn   | Place    | Note
-------+----------+-------------------------------------------
     0 | D:1      | kaeus the Merfolk Berserker began the quest for the Orb.
     0 | D:1      | Reached XP level 1. HP: 18/18 MP: 1/1
   120 | D:1      | Reached XP level 2. HP: 24/24 MP: 2/2
  1010 | D:1      | Reached XP level 3. HP: 11/24 MP: 3/3
  1564 | D:2      | Found an iron altar of Okawaru.
  1904 | D:2      | Reached skill level 5 in Polearms
  1905 | D:2      | Reached ** piety under Trog
  3056 | D:3      | Reached XP level 4. HP: 12/37 MP: 4/4
  3168 | D:4      | Found the +3 salamander hide armour {Flames rF++ rC--}
  3396 | D:4      | Reached XP level 5. HP: 34/42 MP: 5/5
  3518 | D:4      | Found a shadowy altar of Dithmenos.
  3638 | D:4      | Found a hide-covered altar of Uskayaw.
  3891 | D:5      | Entered Level 5 of the Dungeon
  3952 | D:3      | Reached *** piety under Trog
  4004 | D:3      | Noticed Terence
  4009 | D:3      | Reached skill level 6 in Polearms
  4009 | D:3      | Reached XP level 6. HP: 43/49 MP: 6/6
  4009 | D:3      | Killed Terence
  4625 | D:5      | Found a bloodstained altar of Trog.
  4625 | D:5      | Found a white marble altar of Elyvilon.
  4644 | D:5      | Reached skill level 5 in Dodging
  4652 | D:5      | Reached skill level 5 in Fighting
  4659 | D:5      | Reached XP level 7. HP: 56/56 MP: 7/7
  4689 | D:5      | Noticed Sigmund
  4697 | D:5      | Killed Sigmund
  4698 | D:5      | Reached skill level 7 in Polearms
  4886 | D:5      | Reached **** piety under Trog
  5170 | D:5      | Found an ornate altar of the Wu Jian Council.
  5283 | D:6      | Noticed Maggie
  5293 | D:6      | Mangled by Maggie

Illustrated notes

Levels and vault maps discovered:
D:1:      minmay_arrival_floating_metal, layout_basic, minmay_ruptured
D:2:      layout_basic, nicolae_overflow_crystal_walls
D:3:      layout_rooms, uniq_terence
D:4:      layout_cave_pools, eat_drink_and_be_merry_uskayaw,
          chequers_hall_statues_y, minmay_misc_feat_plants,
          grunt_dithmenos_smoke
D:5:      layout_loops_ring, pdpol_wu_jian_five_deadly_venoms,
          gammafunk_temple_overflow_statue, kennysheep_cluttered_room,
          minmay_chambers_of_fives, uniq_sigmund
D:6:      layout_basic, old_standard_altar, basic_altar, uniq_maggie, uniq_pikel

Skill      XL: |  1  2  3  4  5  6  7 |
---------------+----------------------+-----
Dodging        | 3 4 5 6 |  6.1
Polearms       | 5 6 7 |  7.4
Armour         | 2 3 |  3.4
Fighting       | 4 5 |  5.7

Action                   |  1- 3 |  4- 6 |  7- 9 || total
-------------------------+-------+-------+-------++-------
Melee: Spear             |   181 |   167 |    33 ||   381
Invok: Berserk           |     2 |     1 |       ||     3
 Stab: Sleeping          |     6 |       |       ||     6
Armor: Animal skin       |    10 |     2 |       ||    12
       Leather armour    |       |     5 |       ||     5
Dodge: Dodged            |    80 |    29 |     4 ||   113
